 Dungeon Crawl Stone Soup version 0.31-a0-667-g39726597b9 (webtiles) character file.

Game seed: 17932262098691212073

86 Revguard the Chopper (level 4, 0/35 HPs)
             Began as a Demonspawn Gladiator on Sept 4, 2023.
             Slain by a hobgoblin (1 damage)
             ... led by Robin
             ... on level 2 of the Dungeon.
             The game lasted 00:02:12 (1052 turns).

Revguard the Chopper (Demonspawn Gladiator)         Turns: 1052, Time: 00:02:12

Health: 0/35       AC: 11    Str: 16    XL:     4   Next: 26%
Magic:  4/4        EV:  8    Int: 10    God:
Gold:   47         SH:  0    Dex: 14    Spells: 3/3 levels left

rFire   . . .        a - +1 war axe
rCold   . . .        (no shield)
rNeg    . . .        g - +0 chain mail
rPois   .            c - +0 helmet
rElec   .            (no cloak)
rCorr   .            (no gloves)
SInv    .            (no boots)
Will    .....        (no amulet) Stlth
                     (no ring)
HPRegen 0.25/turn    (no ring)
MPRegen 0.09/turn

%: no passive effects
@: lethally poisoned (0 -> -10)
A: rugged brown scales 2, weakness stinger 1
a: no special abilities


You were on level 2 of the Dungeon.
You visited 1 branch of the dungeon, and saw 2 of its levels.

You collected 47 gold pieces.

Inventory:

Hand Weapons
 a - a +1 war axe (weapon)
Missiles
 d - 3 throwing nets (quivered)
 e - a javelin
Armour
 b - a +0 leather armour
 c - a +0 helmet (worn)
 f - a +0 ring mail
 g - a +0 chain mail (worn)
Scrolls
 h - a scroll of amnesia {unknown}
 i - a scroll of enchant weapon
 j - a scroll of blinking {unknown}
Potions
 k - a potion of brilliance {unknown}


   Skills:
 + Level 2.4 Fighting
 * Level 3.4 Axes
 - Level 1.7 Throwing
 + Level 1.1 Armour
 + Level 3.0 Dodging
 + Level 1.3 Invocations
 + Level 1.2 Evocations


You had 3 spell levels left.
You didn't know any spells.
Your spell library was empty.

Dungeon Overview and Level Annotations

Branches:
Dungeon (2/15)

Altars:


Innate Abilities, Weirdness & Mutations

You are mostly covered in rugged brown scales. (AC +2, +5% HP)
You have a small tail.


Message History

The orc hits you but does no damage.
You barely miss the orc. You hit the orc but do no damage.
The orc closely misses you.
An orc comes into view. It is wielding a +0 mace.
The orc hits you with a +0 falchion.
You closely miss the orc. You barely miss the jackal. You barely miss the orc.
The jackal bites you but does no damage.
The orc hits you but does no damage. x2
The jackal bites you but does no damage.
You closely miss the orc.
Your tail-slap misses the orc.
You barely miss the jackal. You hit the orc but do no damage.
The jackal bites you but does no damage.
The orc barely misses you. The orc completely misses you.
The jackal barely misses you. The orc hits you but does no damage.
The orc barely misses you.
You slash the orc!
You kill the orc!
You hit the hobgoblin. You hit the jackal. You hit the orc but do no damage.
The jackal bites you but does no damage.
An orc priest comes into view. It is wielding a +0 club.
The hobgoblin closely misses you. The orc barely misses you.
The jackal closely misses you.
You closely miss the orc.
The orc priest shouts!
You hit the jackal. You barely miss the hobgoblin.
You hear an angry hiss.
The jackal bites you but does no damage.
The orc barely misses you.
You closely miss the orc. You tail-slap the orc.
The orc is severely wounded.
You closely miss the hobgoblin. You barely miss the goblin.
You closely miss the orc. You closely miss the jackal. The jackal bites you.
The goblin hits you but does no damage.
You are poisoned.
The orc barely misses you.
The orc priest mumbles some strange prayers to Beogh against you.
Beogh smites you!
* * * LOW HITPOINT WARNING * * *
The hobgoblin hits you.
You die...

.......# #.##.#
###.##..####....##
#................#
..#.#.†.####....#.###
#.#...# #.........
#<#...# ##.#.#.###
#.....# #....##
#$...## #.#.## #o@g.#
#.#.# ......hog.# .#
# #.##.#...##
........ #.##.......
# ####.#.## #o#.#
#.#.#


You could see an orc priest, 2 orcs, a jackal, a hobgoblin and a goblin.

Vanquished Creatures
  3 adders (D:2)
  2 worms (D:2)
  2 dart slugs (D:2)
  An orc (D:2)
  2 ball pythons (D:1)
  An endoplasm (D:2)
  2 giant cockroaches (D:1)
  3 goblins (D:2)
  3 hobgoblins
  8 jackals
  2 quokkas (D:2)
  8 bats
  A frilled lizard (D:2)
  4 kobolds (D:1)
  4 rats
46 creatures vanquished.

Notes
Turn   | Place    | Note
-------+----------+-------------------------------------------
     0 | D:1      | Revguard the Demonspawn Gladiator began the quest for the
                  | Orb.
     0 | D:1      | Reached XP level 1. HP: 16/16 MP: 1/1
   177 | D:1      | Gained mutation: You have a small tail. [demonic ancestry]
   177 | D:1      | Reached XP level 2. HP: 21/22 MP: 2/2
   821 | D:2      | Gained mutation: You are partially covered in rugged brown
                  | scales. (AC +1, +3% HP) [demonic ancestry]
   821 | D:2      | Reached XP level 3. HP: 21/27 MP: 3/3
   826 | D:2      | Reached skill level 1 in Invocations
   884 | D:2      | Reached skill level 1 in Evocations
   937 | D:2      | Reached skill level 1 in Armour
  1029 | D:2      | Gained mutation: You are mostly covered in rugged brown
                  | scales. (AC +2, +5% HP) [demonic ancestry]
  1029 | D:2      | Reached XP level 4. HP: 22/35 MP: 4/4
  1052 | D:2      | HP: 1/35 [orc priest/divine providence (13)]
  1052 | D:2      | Slain by a hobgoblin

Illustrated notes

Levels and vault maps discovered:
D:1:      giann_bridges, layout_loops_ring, minmay_stone_trees_medium
D:2:      layout_loops_ring, uniq_robin

Skill      XL: |  1  2  3  4 |
---------------+-------------+-----
Axes           | 3 |  3.4
Invocations    | 1 |  1.3
Evocations     | 1 |  1.2
Armour         | 1 |  1.1
Dodging        | 3 |  3.0
Fighting       | |  2.4
Throwing       | |  1.7

Action                     |  1- 3 |  4- 6 || total
---------------------------+-------+-------++-------
  Melee: War axe           |   110 |    16 ||   126
         Tailslap          |    10 |     3 ||    13
    Use: Scroll            |     1 |       ||     1
 Armour: Chain mail        |    86 |    20 ||   106
         Leather armour    |     2 |       ||     2
  Dodge: Dodged            |    64 |    17 ||    81

Table legend: (Time is in decaauts)
 A = Elapsed time spent in this place.
 B = Non-inter-level travel time spent in this place.
 C = Inter-level travel time spent in this place.
 D = Time resting spent in this place.
 E = Time spent auto-exploring this place.
 F = Levels seen in this place.
 G = Mean time per level.
                   A        B        C        D        E       F      G
               +--------+--------+--------+--------+--------+-----+--------+
         Total |   1098 |   1085 |     13 |      0 |    741 |   2 |  549.0 |
       Dungeon |   1098 |   1085 |     13 |      0 |    741 |   2 |  549.0 |
               +--------+--------+--------+--------+--------+-----+--------+

Top non-repeatable levels by time:
     D:1: 820 daAuts
     D:2: 278 daAuts
